 Dungeon Crawl Stone Soup version 0.27-a0-1140-g099f9bb0e8 (webtiles) character file.

Game seed: 14137031877296559337

36 leviel the Skirmisher (level 3, -1/33 HPs)
             Began as a Minotaur Fighter on May 9, 2021.
             Slain by Grinder (2 damage)
             ... on level 3 of the Dungeon.
             The game lasted 00:02:42 (1119 turns).

leviel the Skirmisher (Minotaur Fighter)            Turns: 1119, Time: 00:02:43

Health: -1/33      AC:  7    Str: 21    XL:     3   Next: 19%
Magic:  2/2        EV:  7    Int:  5    God:
Gold:   67         SH:  9    Dex:  9    Spells: 2/2 levels left

rFire    . . .     SeeInvis .   a - +0 war axe
rCold    . . .     Faith    .   c - +0 kite shield
rNeg     . . .     Spirit   .   b - +0 scale mail
rPois    .         Reflect  .   (helmet restricted)
rElec    .         Harm     .   (no cloak)
rCorr    .         Rampage  .   (no gloves)
Will     .....                  (no boots)
Stlth    ..........             (no amulet)
HPRegen  0.11/turn              (no ring)
MPRegen  0.08/turn              (no ring)

@: mighty
A: horns 2, retaliatory headbutt
a: no special abilities


You were on level 3 of the Dungeon.
You visited 1 branch of the dungeon, and saw 3 of its levels.

You collected 67 gold pieces.

Inventory:

Hand Weapons
 a - a +0 war axe (weapon)
Armour
 b - a +0 scale mail (worn)
 c - a +0 kite shield (worn)
Wands
 i - a wand of mindburst (7)
Scrolls
 e - a scroll of noise {unknown}
 h - a scroll of amnesia {unknown}
 j - a scroll of teleportation {unknown}
 k - a scroll of holy word {unknown}
Potions
 d - 2 potions of might
 f - 2 potions of brilliance {unknown}
 g - 2 potions of invisibility {unknown}


   Skills:
 + Level 4.0 Fighting
 * Level 3.3 Axes
 + Level 4.0 Armour
 + Level 4.0 Shields


You had 2 spell levels left.
You didn't know any spells.
Your spell library was empty.

Dungeon Overview and Level Annotations

Branches:
Dungeon (2/15)

Altars:

Annotations:
D:3 Grinder


Innate Abilities, Weirdness & Mutations

You have a pair of horns on your head.
You reflexively headbutt those who attack you in melee.


Message History

You slash Grinder!
Grinder is moderately wounded.
Grinder hits you!
You writhe in agony.
There are monsters nearby!
You closely miss Grinder.
Grinder is moderately wounded.
You miss the frilled lizard. Grinder gestures at you.
Pain shoots through your body! The frilled lizard closely misses you.
The frilled lizard barely misses you. You block Grinder's attack.
You are too injured to fight recklessly!
You feel very mighty all of a sudden. Grinder barely misses you.
The frilled lizard closely misses you.
You slash Grinder! Your headbutt misses Grinder.
Grinder is severely wounded.
You miss the frilled lizard.
An adder comes into view.
Grinder hits you but does no damage. You block the frilled lizard's attack.
You closely miss Grinder. Your headbutt misses Grinder.
Grinder is severely wounded.
You closely miss the frilled lizard. Grinder hits you but does no damage.
The frilled lizard bites you.
* * * LOW HITPOINT WARNING * * *
The adder bites you but does no damage. Grinder hits you.
* * * LOW HITPOINT WARNING * * *
The frilled lizard bites you but does no damage.
You closely miss Grinder. You headbutt Grinder.
Grinder is severely wounded.
You hit the frilled lizard.
You kill the frilled lizard!
You miss the adder. You block the adder's attack. Grinder closely misses you.
The adder bites you but does no damage.
You hit Grinder.
Grinder is almost dead.
You miss the adder. The adder bites you.
* * * LOW HITPOINT WARNING * * *
Grinder hits you.
* * * LOW HITPOINT WARNING * * *
You writhe in agony.
You die...

#####
#...#
#...#
#?..#
#..@#
#..S5#
......##
.........
...##...#
.. #..>#
# #####


You could see Grinder and an adder.

Vanquished Creatures
  An adder (D:2)
  A worm (D:2)
  2 endoplasms
  A giant cockroach (D:2)
  2 goblins
  A hobgoblin (D:1)
  A quokka (D:2)
  7 ball pythons
  2 bats
  3 frilled lizards
  3 rats (D:1)
24 creatures vanquished.

Notes
Turn   | Place    | Note
-------+----------+-------------------------------------------
     0 | D:1      | leviel the Minotaur Fighter began the quest for the Orb.
     0 | D:1      | Reached XP level 1. HP: 19/19 MP: 0/0
   507 | D:1      | Reached XP level 2. HP: 27/27 MP: 1/1
   674 | D:1      | Found a faded altar of an unknown god.
  1053 | D:2      | Reached XP level 3. HP: 33/33 MP: 2/2
  1112 | D:2      | You fall into a shaft and drop 1 floor!
  1112 | D:3      | Noticed Grinder
  1119 | D:3      | HP: 1/33 [Grinder (5)]
  1119 | D:3      | Slain by Grinder

Illustrated notes

Levels and vault maps discovered:
D:1:      onia_arrival_handbag, layout_basic,
          shapermc_ecumenical_altar_totnotflames, kennysheep_small_spiral
D:2:      layout_rooms, minivault_26
D:3:      layout_rooms, ebering_ghost_rock_garden, minmay_rat_hole, uniq_grinder

Skill      XL: |  1  2  3 |
---------------+----------+-----
Axes           | 3 |  3.3
Fighting       | 4 |  4.0
Armour         | 4 |  4.0
Shields        | 4 |  4.0

Action                   || total
-------------------------++-------
Melee: War axe           ||    48
       Headbutt          ||     8
  Use: Potion            ||     1
Armor: Scale mail        ||    20
Dodge: Dodged            ||    18
Block: Kite shield       ||    23

Table legend: (Time is in decaauts)
 A = Elapsed time spent in this place.
 B = Non-inter-level travel time spent in this place.
 C = Inter-level travel time spent in this place.
 D = Time resting spent in this place.
 E = Time spent auto-exploring this place.
 F = Levels seen in this place.
 G = Mean time per level.
                   A        B        C        D        E       F      G
               +--------+--------+--------+--------+--------+-----+--------+
         Total |   1145 |   1033 |    112 |      0 |    898 |   3 |  381.7 |
       Dungeon |   1145 |   1033 |    112 |      0 |    898 |   3 |  381.7 |
               +--------+--------+--------+--------+--------+-----+--------+

Top non-repeatable levels by time:
     D:1: 964 daAuts
     D:2: 171 daAuts
     D:3: 9 daAuts
